 Dungeon Crawl Stone Soup version 0.28.0-1-gb440e238dd (webtiles) character file.

Game seed: 10128025732170497540

525 KamiKatze the Skirmisher (level 7, 0/66 HPs)
             Began as a Kobold Berserker on Feb 25, 2022.
             Was a Priest of Trog.
             Succumbed to a scorpion's poison
             ... on level 5 of the Dungeon.
             The game lasted 00:15:04 (4919 turns).

KamiKatze the Skirmisher (Kobold Berserker)         Turns: 4919, Time: 00:15:05

Health: 0/66       AC:  7    Str: 17    XL:     7   Next: 47%
Magic:  4/7        EV: 13    Int:  8    God:    Trog [***...]
Gold:   156        SH:  0    Dex: 14    Spells: 6/6 levels left

rFire   . . .      SeeInvis .   a - +1 hand axe
rCold   . . .      Faith    .   (no shield)
rNeg    . . .      Spirit   +   i - +0 scale mail
rPois   .          Reflect  .   g - +0 helmet
rElec   .          Harm     .   (no cloak)
rCorr   .          Rampage  .   (no gloves)
Will    .....                   (no boots)
Stlth   ..........              m - amulet of guardian spirit
HPRegen 0.21/turn               (no ring)
MPRegen 0.10/turn               (no ring)

@: berserking (expiring), lethally poisoned (0 -> -10), very quick
A: small, no large weapons, nightstalker 3
a: Renounce Religion, Berserk, Trog's Hand


You were on level 5 of the Dungeon.
You worshipped Trog.
Trog was most pleased with you.
You visited 1 branch of the dungeon, and saw 5 of its levels.
You also visited: Sewer.

You collected 234 gold pieces.
You spent 78 gold pieces at shops.

Inventory:

Hand Weapons
 a - a +1 hand axe (weapon)
 f - a +4 short sword
Missiles
 h - 86 stones (quivered)
 p - 4 poisoned darts
Armour
 d - a +0 ring mail
 g - a +0 helmet (worn)
 i - a +0 scale mail (worn)
Jewellery
 m - an amulet of guardian spirit (around neck)
Scrolls
 e - 7 scrolls of identify
 k - a scroll of enchant weapon
 n - a scroll of amnesia
 r - a scroll of fear
 s - a scroll of magic mapping
Potions
 b - a potion of attraction
 c - 4 potions of flight
 j - 2 potions of curing
 l - 2 potions of mutation
 o - 2 potions of invisibility
 q - a potion of might


   Skills:
 + Level 4.9 Fighting
 * Level 4.5 Axes
 + Level 3.1 Armour
 + Level 4.5 Dodging


You had 6 spell levels left.
You didn't know any spells.
Your spell library was empty.

Dungeon Overview and Level Annotations

Branches:
Dungeon (5/15)              Sewer (visited)
 Temple: D:4-7

Altars:

Shops:
D:4 *

Annotations:
D:5 exclusion: ice beast


Innate Abilities, Weirdness & Mutations

You are small and have problems with some larger weapons.
You are completely attuned to the shadows.


Message History

The scorpion is lightly wounded.
You feel sick. The scorpion stings you.
You are more poisoned.
The scorpion poisons you!
You closely miss the scorpion.
The scorpion is lightly wounded.
* * * LOW HITPOINT WARNING * * *
You feel very sick. The scorpion stings you.
* * * LOW HITPOINT WARNING * * *
You are more poisoned.
The scorpion poisons you! The scorpion barely misses you.
A red film seems to cover your vision as you go berserk!
You feel yourself moving faster!
You feel mighty!
* * * LOW HITPOINT WARNING * * *
You feel very sick. The scorpion stings you.
* * * LOW HITPOINT WARNING * * *
You slash the scorpion!
The scorpion is heavily wounded.
* * * LOW HITPOINT WARNING * * *
You feel very sick. The scorpion stings you.
* * * LOW HITPOINT WARNING * * *
You closely miss the scorpion.
The scorpion is heavily wounded.
* * * LOW HITPOINT WARNING * * *
You feel very sick.
The scorpion stings you but does no damage.
You hit the scorpion.
The scorpion is severely wounded.
* * * LOW HITPOINT WARNING * * *
You feel very sick.
The scorpion stings you but does no damage.
You slash the scorpion!
You kill the scorpion!
Trog accepts your kill.
* * * LOW HITPOINT WARNING * * *
You feel sick.
You die...

*,,,,,,,,,,,,,*#.#≈≈≈≈#.#
*,,,,,,,*******#.#≈≈≈≈#.##
*,,,,,,,*,,,,***,#≈.≈≈#...
*,,,,,>,,,,,,+,,,#≈≈≈≈#...
*,,,,,..#....#.*,#≈≈≈≈'...
*,,,,,,....#..,*,######÷#.
*****#+#.#.#.#**,,......#.
*....#.#.####,......#.
*....@......+,......'.
*....#.#.####,......#.
*###.#.#....#**##...#.
*,,#.#.#....# #...#.
*****,,..#.#....#####...#.
*,,,,,,,**,#............#.
**,*,,,,,*,,#..........####
*,,*,*,,,,,*##.........#
*,**,*,,,,,,...........#


There were no monsters in sight!

Vanquished Creatures
  2 scorpions (D:5)
  A jelly (D:4)
  A hound (D:5)
  2 orc wizards (D:5)
  10 adders
  8 river rats
  An adder skeleton (D:5)
  3 worms
  2 dart slugs
  7 orcs (D:5)
  13 bats
  7 endoplasms
  11 giant cockroaches
  4 goblins
  8 hobgoblins
  2 jackals (Sewer)
  12 quokkas
  10 ball pythons
  5 frilled lizards
  6 kobolds
  3 rats
118 creatures vanquished.

Notes
Turn   | Place    | Note
-------+----------+-------------------------------------------
     0 | D:1      | KamiKatze the Kobold Berserker began the quest for the Orb.
     0 | D:1      | Reached XP level 1. HP: 14/14 MP: 1/1
   229 | D:1      | Reached XP level 2. HP: 19/19 MP: 2/2
   315 | D:1      | Found a faded altar of an unknown god.
   667 | D:1      | Reached XP level 3. HP: 23/23 MP: 3/3
  1151 | D:2      | Reached ** piety under Trog
  1346 | D:2      | Reached XP level 4. HP: 19/29 MP: 4/4
  2349 | D:3      | Reached XP level 5. HP: 30/33 MP: 5/5
  3186 | D:4      | Reached *** piety under Trog
  3376 | D:4      | Found Meotudut's Assorted Antiques.
  3379 | D:4      | Bought a scroll labelled BOKOEW WEIWARCH for 26 gold pieces
  3380 | D:4      | Bought a scroll labelled EFFAEV BUDEILU for 26 gold pieces
  3381 | D:4      | Bought a scroll labelled SIDWOCVAUL for 26 gold pieces
  3589 | D:5      | Entered Level 5 of the Dungeon
  3634 | D:5      | Reached XP level 6. HP: 38/38 MP: 3/6
  3740 | D:5      | Found a glowing drain.
  3809 | Sewer    | Entered a sewer
  4347 | Sewer    | Reached XP level 7. HP: 43/44 MP: 5/7
  4918 | D:5      | HP: 2/66 [poisoned by a scorpion]
  4919 | D:5      | Succumbed to a scorpion's poison

Illustrated notes

Levels and vault maps discovered:
D:1:      heliophobic_arrival_battle_scene, layout_loops_corners,
          basic_ecumenical_altar
D:2:      layout_loops_corners
D:3:      layout_rooms
D:4:      layout_basic, serial_shops, kennysheep_mini
D:5:      layout_basic, portal_sewer_entry_c, uniq_pikel, uniq_blork_the_orc

Skill      XL: |  1  2  3  4  5  6  7 |
---------------+----------------------+-----
Axes           | 3 4 |  4.5
Dodging        | 3 4 |  4.5
Armour         | 2 3 |  3.1
Fighting       | 4 |  4.9

Action                   |  1- 3 |  4- 6 |  7- 9 || total
-------------------------+-------+-------+-------++-------
Melee: Hand axe          |    89 |   269 |    71 ||   429
       Punch             |     2 |     3 |     1 ||     6
Throw: Stone             |     8 |       |       ||     8
Invok: Berserk           |     1 |     2 |     1 ||     4
       Trog's Hand       |       |     1 |       ||     1
  Use: Scroll            |       |     9 |     2 ||    11
       Potion            |       |       |     1 ||     1
 Stab: Sleeping          |     3 |     1 |       ||     4
Armor: Ring mail         |    14 |       |       ||    14
       Animal skin       |     2 |       |       ||     2
       Scale mail        |    20 |   101 |    22 ||   143
Dodge: Dodged            |    63 |   188 |    50 ||   301
